Map: Ulrena

Players

Plebking

  • Race: Terran Terran
  • League: Master

JeSuisCharli - Winner!

  • Race: Protoss Protoss
  • League: Grandmaster

VOD

Have the link to the VOD?

Description

Time

  • Played on: April 15, 2016, 2:40 p.m.
  • Length: 16:33
Show
View Real Time Build Order
Export as new Build Order

Plebking Terran 

Build Orders: Liberator Opening 

Get SALT Encoding   

  12  0:00  SCV  
  13  0:12  SCV  
  14  0:17  Supply Depot  
  14  0:24  SCV  
  15  0:39  SCV, Barracks  
  16  0:44  Refinery  
  16  0:51  SCV  
  17  1:03  SCV  
  17  1:04  Refinery  
  18  1:15  SCV  
  19  1:30  Orbital Command  
  19  1:31  Barracks Reactor  
  19  1:44  Supply Depot  
  19  1:53  Factory  
  19  1:55  SCV  
  20  2:07  SCV, Marine x2  
  23  2:19  SCV  
  24  2:25  Marine x2  
  26  2:32  SCV  
  27  2:37  Starport, Factory Tech Lab  
  27  2:44  SCV  
  28  2:45  Supply Depot  
  30  2:57  Liberator  
  30  2:59  Siege Tank  
  31  3:06  Marine x2  
  34  3:16  Engineering Bay  
  34  3:19  Supply Depot  
  36  3:28  Marine x2  
  38  3:39  Supply Depot  
  38  3:40  Siege Tank, Liberator  
  41  3:46  Marine x2  
  43  3:56  Missile Turret  
  43  4:00  Supply Depot  
  46  4:04  Marine  
  46  4:05  Marine  
  48  4:14  Siege Tank  
  51  4:33  SCV  
  51  4:34  Marine  
  51  4:35  Marine  
  54  4:40  Medivac  
  54  4:41  Supply Depot  
  56  4:56  Marine x2  
  56  4:58  Siege Tank  
  61  5:08  Missile Turret  
  61  5:09  Bunker  
  61  5:20  Marine  
  55  5:25  Marine  
  49  5:38  Marine  
  50  5:43  Marine  
  50  5:45  Liberator  
  51  5:56  Marine  
  48  6:01  Marine, Missile Turret  
  48  6:03  Widow Mine  
  52  6:07  SCV  
  53  6:14  Marine  
  53  6:19  Marine  
  53  6:26  Missile Turret  
  53  6:28  SCV, Bunker, Liberator  
  53  6:32  Marine  
  55  6:35  Widow Mine  
  55  6:37  Marine  
  58  6:49  Marine  
  59  6:55  Marine  
  59  7:07  Marine  
  58  7:09  Missile Turret  
  58  7:12  Marine  
  57  7:16  Bunker, Siege Tank  
  60  7:25  Marine  
  59  7:30  Marine  
  52  7:51  Marine x2  
  52  7:52  SCV  
  55  8:07  Widow Mine  
  55  8:09  Command Center, Missile Turret, Marine x2  
  55  8:13  Missile Turret  
  53  8:21  SCV  
  54  8:33  SCV  
  45  8:44  Marine  
  45  8:45  SCV  
  43  9:00  Marine  
  43  9:02  Medivac, Marine, Siege Tank  
  46  9:18  Marine  
  46  9:20  Marine  
  46  9:24  SCV  
  46  9:32  Medivac  
  46  9:36  SCV, Marine, Widow Mine  
  46  9:38  Marine  
  52  9:39  Orbital Command  
  50  9:53  Marine  
  50  9:54  Barracks  
  51  10:14  SCV  
  50  10:22  Bunker  
  50  10:23  Bunker, Marine x2  
  52  10:44  Orbital Command  
  52  10:46  Marine x2  
  53  10:58  Missile Turret  
  51  11:04  Marine  
  51  11:05  Marine  
  51  11:09  Starport Reactor  
  51  11:11  SCV  
  54  11:21  SCV  
  54  11:23  SCV  
  55  11:29  Marine  
  39  11:58  Bunker  
  39  12:00  Bunker  
  23  12:48  Orbital Command  
  23  13:45  SCV  
  26  13:51  Medivac  
  26  14:08  Marine  
  27  14:28  Orbital Command  
  27  14:29  Marine  
  28  14:54  SCV  
  29  15:04  Marine  
  29  15:06  Marine  
  31  15:11  SCV  
  29  15:45  SCV  
  26  15:53  Missile Turret  
  26  15:57  SCV  
Show
View Real Time Build Order
Export as new Build Order

JeSuisCharli Protoss - Winner!

Build Orders: Phoenix Opening 

Get SALT Encoding   

  12  0:01  Probe (Chrono Boost)  
  13  0:11  Probe (Chrono Boost)  
  14  0:18  Pylon  
  14  0:22  Probe (Chrono Boost)  
  15  0:36  Probe (Chrono Boost)  
  15  0:38  Gateway  
  16  0:46  Probe (Chrono Boost)  
  17  0:50  Assimilator  
  17  0:57  Probe (Chrono Boost)  
  17  0:59  Assimilator  
  18  1:08  Probe (Chrono Boost)  
  19  1:18  Probe (Chrono Boost)  
  20  1:27  Cybernetics Core  
  20  1:29  Probe (Chrono Boost)  
  21  1:37  Pylon  
  21  1:39  Probe (Chrono Boost)  
  22  1:50  Probe (Chrono Boost)  
  23  2:00  Probe (Chrono Boost)  
  24  2:04  Adept  
  24  2:06  Stargate  
  26  2:13  Mothership Core (Chrono Boost)  
  28  2:19  Pylon  
  28  2:26  Warp Gate (Chrono Boost)  
  28  2:33  Gateway  
  28  2:35  Gateway  
  27  2:40  Adept  
  29  2:50  Phoenix (Chrono Boost)  
  31  2:58  Pylon  
  31  3:13  Phoenix (Chrono Boost)  
  33  3:22  Probe  
  34  3:35  Phoenix (Chrono Boost)  
  36  3:48  Nexus  
  36  3:56  Phoenix (Chrono Boost)  
  36  4:00  Probe  
  39  4:10  Pylon  
  39  4:18  Phoenix (Chrono Boost)  
  41  4:40  Phoenix (Chrono Boost)  
  41  4:41  Adept x3  
  49  4:49  Pylon  
  49  5:02  Adept x2  
  49  5:05  Adept  
  39  5:29  Mothership Core  
  39  5:30  Adept  
  39  5:31  Adept x2  
  45  5:45  Pylon  
  45  5:53  Adept x3  
  49  6:12  Pylon  
  49  6:14  Pylon  
  49  6:30  Phoenix (Chrono Boost), Pylon  
  49  6:31  Adept  
  53  6:37  Adept  
  55  6:47  Pylon  
  55  7:21  Pylon  
  45  7:40  Adept  
  45  7:42  Pylon  
  45  7:43  Pylon  
  47  7:45  Pylon  
  47  7:53  Robotics Facility  
  47  8:00  Adept x2  
  47  8:03  Adept  
  53  8:21  Adept x2  
  43  8:46  Phoenix (Chrono Boost)  
  43  8:47  Immortal (Chrono Boost)  
  47  8:58  Stalker  
  47  9:00  Adept x2  
  41  9:29  Adept x3  
  47  9:34  Observer (Chrono Boost)  
  48  9:54  Warp Prism (Chrono Boost)  
  48  9:59  Sentry  
  50  10:15  Phoenix  
  52  10:39  Sentry  
  53  11:05  Nexus  
  53  11:38  Adept  
  53  11:39  Adept x2  
  44  12:07  Pylon  
  33  12:57  Gateway  
  33  13:12  Probe  
  33  13:16  Cybernetics Core  
  34  13:22  Probe  
  35  13:33  Gateway  
  35  13:38  Gateway, Probe  
  36  13:50  Pylon  
  35  13:55  Pylon  
  35  14:13  Mothership Core  
  37  14:26  Gateway  
  37  14:27  Gateway  
  37  14:51  Pylon  
  37  15:01  Adept  
  37  15:06  Pylon  
  37  15:07  Pylon  
  39  15:33  Adept, Sentry  
  39  15:34  Adept  
  37  16:01  Adept x5  
  47  16:22  Adept x4  
Tags
 
Add a new tag
Caveats
  • Supply blocks, unpowered buildings, or Contaminate may cause inaccurate times.
  • Supply counts are checked every 10 seconds.